 Seeded DCSS version 0.30.0-17-ge0270778cf (webtiles) character file.

Game seed: 9635399671560706667 (custom seed)

152 Twinkles the Shooter (level 5, -8/46 HPs)
             Began as a Minotaur Hunter on May 22, 2023.
             Killed by nerve-wracking pain
             ... invoked by Grinder
              (9 damage)
             ... on level 3 of the Dungeon.
             The game lasted 00:03:40 (1727 turns).

Twinkles the Shooter (Minotaur Hunter)              Turns: 1727, Time: 00:03:40

Health: -8/46      AC:  3    Str: 16    XL:     5   Next: 11%
Magic:  4/4        EV: 13    Int:  6    God:
Gold:   60         SH:  0    Dex: 15    Spells: 4/4 levels left

rFire   . . .        a - +0 shortbow
rCold   . . .        (shield currently unavailable)
rNeg    . . .        c - +0 leather armour
rPois   .            (helmet restricted)
rElec   .            (no cloak)
rCorr   .            (no gloves)
SInv    .            (no boots)
Will    .....        (no amulet)
Stlth   ++           (no ring)
HPRegen 0.27/turn    (no ring)
MPRegen 0.09/turn

%: no passive effects
@: no status effects
A: horns 2, retaliatory headbutt
a: no special abilities


You were on level 3 of the Dungeon.
You visited 1 branch of the dungeon, and saw 3 of its levels.

You collected 60 gold pieces.

Inventory:

Hand Weapons
 a - a +0 shortbow (weapon)
Missiles
 r - 3 poisoned darts
Armour
 c - a +0 leather armour (worn)
Jewellery
 m - a +4 ring of slaying
Wands
 q - a wand of flame (8)
Scrolls
 b - a scroll of enchant weapon {unknown}
 d - a scroll of poison {unknown}
 g - 4 scrolls of identify {unknown}
 h - a scroll of teleportation {unknown}
 i - a scroll of fear {unknown}
 l - a scroll of fog {unknown}
 K - 2 scrolls of immolation
Potions
 e - 3 potions of might {unknown}
 f - a potion of lignification {unknown}
 j - a potion of berserk rage {unknown}
 k - a potion of cancellation {unknown}
 n - 2 potions of attraction {unknown}
 o - a potion of degeneration {unknown}
 p - a potion of magic {unknown}
 s - a potion of haste {unknown}


   Skills:
 + Level 3.9 Fighting
 + Level 5.2 Ranged Weapons
 + Level 3.4 Dodging
 + Level 2.1 Stealth


You had 4 spell levels left.
You didn't know any spells.
Your spell library contained the following spells:

 Spells                   Type           Power      Damage    Failure   Level
 Freeze                   Ice            0%         1d3       52%         1
 Sandblast                Erth           0%         2d4       52%         1
 Passwall                 Tmut/Erth      0%         N/A       67%         2
 Frozen Ramparts          Ice            0%         1d1       88%         3
 Hailstorm                Conj/Ice       0%         3d3       88%         3
 Stone Arrow              Conj/Erth      0%         3d7       88%         3
 Summon Guardian Golem    Hex/Summ       0%         N/A       88%         3
 Blade Hands              Tmut           0%         N/A       100%        5
 Summon Mana Viper        Hex/Summ       0%         N/A       100%        5
 Storm Form               Tmut/Air       0%         N/A       100%        7


Dungeon Overview and Level Annotations

Branches:
Dungeon (3/15) Zot: 16231

Altars:

Annotations:
D:3 Grinder


Innate Abilities, Weirdness & Mutations

You have a pair of horns on your head.
You reflexively headbutt those who attack you in melee.


Message History

Press: ? - help, Q - select action, (/) - cycle Shift-Dir - straight line, f/p - Grinder
Aim: Grinder (severely wounded, 58% to hit)
You shoot an arrow. The arrow closely misses Grinder.
Grinder gestures at you. You resist with significant effort.
Fire: a) +0 shortbow
Press: ? - help, Q - select action, (/) - cycle Shift-Dir - straight line, f/p - Grinder
Aim: Grinder (severely wounded, 58% to hit)
You shoot an arrow. The arrow barely misses Grinder.
Grinder hits you.
* * * LOW HITPOINT WARNING * * *
Fire: a) +0 shortbow
Press: ? - help, Q - select action, (/) - cycle Shift-Dir - straight line, f/p - Grinder
Aim: Grinder (severely wounded, 58% to hit)
You shoot an arrow. The arrow barely misses Grinder.
Grinder barely misses you. Grinder misses you.
Fire: a) +0 shortbow
Press: ? - help, Q - select action, (/) - cycle Shift-Dir - straight line, f/p - Grinder
Aim: Grinder (severely wounded, 58% to hit)
You shoot an arrow. The arrow barely misses Grinder.
Grinder hits you!
* * * LOW HITPOINT WARNING * * *
You writhe in agony.
* * * LOW HITPOINT WARNING * * *
Fire: a) +0 shortbow
Press: ? - help, Q - select action, (/) - cycle Shift-Dir - straight line, f/p - Grinder
Aim: Grinder (severely wounded, 58% to hit)
You shoot an arrow. The arrow hits Grinder!
Grinder is almost dead.
Grinder misses you.
You shoot an arrow. The arrow closely misses Grinder.
Grinder hits you.
* * * LOW HITPOINT WARNING * * *
You writhe in agony.
* * * LOW HITPOINT WARNING * * *
You shoot an arrow. The arrow barely misses Grinder.
Grinder closely misses you. You furiously retaliate!
You headbutt Grinder.
Grinder says, "Mostly I couldn't keep them alive."
Grinder gestures at you. Pain shoots through your body!
You die...

#.# #.##
###########..##
#.....w.K..>..#
#.##########..#
#)# ..# #.# ..#
#†# ... #@####
..#K #5<..#
..... ####.#
..5 .. #.# ##.#
##..# #...#
####''####
#≈≈§..≈§§#


You could see Grinder.

Vanquished Creatures
  Jessica (D:2)
  Natasha (twice) (D:2)
  Robin (D:2)
  An adder (D:2)
  2 worms
  5 bats
  3 endoplasms (D:2)
  2 giant cockroaches
  10 goblins
  6 hobgoblins (D:2)
  4 jackals (D:2)
  5 kobolds
  A quokka (D:2)
  2 ball pythons (D:2)
  A frilled lizard (D:1)
  4 rats
50 creatures vanquished.

Notes
Turn   | Place    | Note
-------+----------+-------------------------------------------
     0 | D:1      | Twinkles the Minotaur Hunter began the quest for the Orb.
     0 | D:1      | Reached XP level 1. HP: 18/18 MP: 0/0
    45 | D:1      | Got the Meditations on Fluctuating Bad Luck
   233 | D:1      | Reached skill level 1 in Stealth
   280 | D:1      | Reached XP level 2. HP: 25/25 MP: 1/1
   715 | D:2      | Noticed Robin
   718 | D:2      | Reached XP level 3. HP: 31/31 MP: 2/2
   726 | D:2      | Killed Robin
   807 | D:2      | Noticed Natasha
   810 | D:2      | Killed Natasha
   811 | D:2      | Reached XP level 4. HP: 38/38 MP: 3/3
   939 | D:2      | Reached skill level 5 in Ranged Weapons
  1147 | D:2      | Noticed Jessica
  1153 | D:2      | Killed Jessica
  1328 | D:2      | Noticed Natasha
  1332 | D:2      | Killed Natasha
  1333 | D:2      | Reached XP level 5. HP: 46/46 MP: 4/4
  1674 | D:3      | Noticed Grinder
  1709 | D:3      | Paralysed by Grinder for 4 turns
  1722 | D:3      | HP: 12/46 [Grinder (6)]
  1724 | D:3      | HP: 3/46 [Grinder (3)]
  1726 | D:3      | HP: 1/46 [Grinder (2)]
  1727 | D:3      | Killed from afar by Grinder

Illustrated notes

Levels and vault maps discovered:
D:1:      roderic_octagonal_star, layout_loops_cross
D:2:      layout_loops_corners, uniq_jessica, uniq_natasha, uniq_robin
D:3:      layout_loops_ring, kennysheep_generic_room_5, uniq_grinder

Skill      XL: |  1  2  3  4 |
---------------+-------------+-----
Stealth        | 1 2 |  2.1
Fighting       | 3 |  3.9
Dodging        | 3 |  3.4
Ranged Weapons | 5 |  5.2

Action                     |  1- 3 |  4- 6 || total
---------------------------+-------+-------++-------
   Fire: Shortbow          |    68 |    76 ||   144
 Armour: Leather armour    |    11 |     1 ||    12
  Dodge: Dodged            |    31 |    20 ||    51
